 Dungeon Crawl Stone Soup version 0.21.1-1-g345015f (webtiles) character file.

47 inc the Conjurer (level 3, -3/14 HPs)
             Began as a Felid Venom Mage on Mar 4, 2018.
             Killed from afar by Natasha (9 damage)
             ... with a magic dart
             ... on level 3 of the Dungeon.
             The game lasted 00:02:26 (1312 turns).

inc the Conjurer (Felid Venom Mage)                 Turns: 1312, Time: 00:02:27

Health: -3/14      AC:  1    Str:  4    XL:     3   Next: 48%
Magic:  0/7        EV: 18    Int: 17    God:
Gold:   148        SH:  0    Dex: 16    Spells: 5/6 levels left
                                        Lives:  0   Deaths: 0

rFire    . . .     SeeInvis +   (weapon unavailable)
rCold    . . .     Gourm    .   (shield unavailable)
rNeg     . . .     Faith    .   (armour unavailable)
rPois    .         Spirit   .   (helmet unavailable)
rElec    .         Reflect  .   (cloak unavailable)
rCorr    .         Harm     .   (gloves unavailable)
MR       .....                  (boots unavailable)
Stlth    +++.......             (no amulet)
HPRegen  0.04/turn              (no ring)
MPRegen  0.10/turn              (no ring)

@: quick
A: very small, no armour, no weapons or thrown items, stealth, claws 1, fangs 3,
see invisible, carnivore, speed 1, shaggy fur 1, slow metabolism 1, sharp paws
a: no special abilities


You were on level 3 of the Dungeon.
You were not hungry.

You visited 1 branch of the dungeon, and saw 3 of its levels.

You collected 148 gold pieces.

Inventory:

Scrolls
 c - 3 scrolls of fear {unknown}
 i - a scroll of magic mapping {unknown}
Potions
 d - 2 potions of curing {unknown}
 e - a potion of flight {unknown}
 f - a potion of agility {unknown}
 g - a potion of invisibility {unknown}
 h - a potion of heal wounds {unknown}
Books
 a - a Young Poisoner's Handbook

   Spells                             Type                      Level
   a - Sting                          Conjuration/Poison           1
   b - Poisonous Vapours              Poison/Air                   2
   c - Mephitic Cloud                 Conjuration/Poison/Air       3
   d - Olgreb's Toxic Radiance        Poison                       4
   e - Venom Bolt                     Conjuration/Poison           5
Comestibles
 b - 5 rations


   Skills:
 - Level 2.6 Dodging
 - Level 2.6 Stealth
 - Level 2.0 Spellcasting
 + Level 3.1 Conjurations
 - Level 2.6 Poison Magic


You had 5 spell levels left.
You knew the following spells:

 Your Spells              Type           Power        Failure   Level  Hunger
a - Sting                 Conj/Pois      ##..         6%          1    #......


Dungeon Overview and Level Annotations

Branches:
Dungeon (3/15)

Altars:

Annotations:
D:2 Jessica, Terence
D:3 Ijyb, Natasha


Innate Abilities, Weirdness & Mutations

You cannot wear armour.
You are incapable of wielding weapons or throwing items.
Your paws allow you to move quietly. (Stealth)
You have sharp claws.
You have razor-sharp teeth.
You have supernaturally acute eyesight. (SInv)
You are carnivorous and can eat meat at any time.
You cover ground quickly.
You are covered in fur. (AC +1)
You have a slow metabolism.
Your sharp claws are effective at attacking unaware monsters.


Message History

Aiming: Sting
Press: ? - help, Shift-Dir - straight line, f/p - Natasha
Aim: Natasha (moderately wounded, poisoned)
The sting hits Natasha.
Natasha looks even sicker.
Natasha is moderately wounded.
Casting: Sting
Confirm with . or Enter, or press ? or * to list all spells.
Aiming: Sting
Press: ? - help, Shift-Dir - straight line, f/p - Natasha
Aim: Natasha (moderately wounded, poisoned)
The sting misses Natasha.
The sting hits the crimson imp.
The crimson imp appears unharmed.
Natasha mumbles some strange words.
Natasha shimmers violently.
Natasha stares at you and mumbles some strange words.
The magic dart hits you! Natasha casts a spell at you. The magic dart hits you!
Ouch! That really hurt!
You die...

#############################
#......†.5h.@..†.............
#....#######################.
####.####### #. #.b.....# #.
####....# ####. #....# #)...
#.)..## ###..# #)....####
#...## #........## #.###


You could see Natasha and a crimson imp.

Vanquished Creatures
  An adder (D:3)
  A dart slug (D:1)
  A leopard gecko (D:3)
  An orc (D:3)
  2 bats
  6 giant cockroaches
  5 goblins (D:1)
  3 hobgoblins
  6 kobolds
  A quokka (D:3)
  A ball python (D:2)
  A frilled lizard (D:2)
  A rat (D:1)
30 creatures vanquished.

Notes
Turn   | Place    | Note
-------+----------+-------------------------------------------
     0 | D:1      | inc the Felid Venom Mage began the quest for the Orb.
     0 | D:1      | Reached XP level 1. HP: 7/7 MP: 4/4
    12 | D:1      | Reached skill level 1 in Conjurations
   249 | D:1      | Reached XP level 2. HP: 11/11 MP: 3/6
   275 | D:1      | Reached skill level 2 in Conjurations
   809 | D:2      | Noticed Terence
   847 | D:3      | Noticed Ijyb
   943 | D:2      | Noticed Jessica
   964 | D:3      | Reached XP level 3. HP: 14/14 MP: 1/7
  1029 | D:3      | Noticed Natasha
  1124 | D:3      | Reached skill level 3 in Conjurations
  1312 | D:3      | Killed from afar by Natasha

Skill      XL: |  1  2  3 |
---------------+----------+-----
Conjurations   | 1 2 3 |  3.1
Dodging        | |  2.6
Stealth        | |  2.6
Spellcasting   | |  2.0
Poison Magic   | |  2.6

Action                   || total
-------------------------++-------
Melee: Unarmed           ||     4
       Bite              ||     1
 Cast: Sting             ||    78
  Eat: Chunk             ||     3
Armor: Skin              ||     3
Dodge: Dodged            ||    32
